 Dungeon Crawl Stone Soup version 0.30-a0-414-gcb316572d5 (webtiles) character file.

Game seed: 13466632031587070639

718 Krypt the Poker (level 7, -2/61 HPs)
             Began as a Hill Orc Monk on Dec 6, 2022.
             Was a Believer of Beogh.
             Slain by a gnoll bouda
             ... wielding a +0 flail
              (11 damage)
             ... on level 5 of the Dungeon on Dec 7, 2022.
             The game lasted 00:15:53 (3480 turns).

Krypt the Poker (Hill Orc Monk)                     Turns: 3480, Time: 00:15:54

Health: -2/61      AC: 11    Str: 16    XL:     7   Next: 70%
Magic:  7/7        EV:  5    Int: 10    God:    Beogh [**....]
Gold:   190        SH:  0    Dex: 19    Spells: 6/6 levels left

rFire   . . .      SeeInvis +    o - +5 glaive "Rywerch" {vorpal, Dex+6}
rCold   . . .      Faith    .    (shield currently unavailable)
rNeg    . . .      Spirit   .    s - +0 plate armour
rPois   .          Reflect  .    l - +1 hat
rElec   .          Harm     .    (no cloak)
rCorr   +          Rampage  .    (no gloves)
Will    .....                    (no boots)
Stlth   ..........               (no amulet)
HPRegen 0.30/turn                g - ring of resist corrosion
MPRegen 0.10/turn                h - ring of see invisible

@: no status effects
A: no striking features
a: Renounce Religion, Smiting


You were on level 5 of the Dungeon.
You worshipped Beogh.
Beogh was pleased with you.
You visited 1 branch of the dungeon, and saw 5 of its levels.

You collected 190 gold pieces.

Inventory:

Hand Weapons
 a - a +0 hand axe
 o - the +5 glaive "Rywerch" (weapon) {vorpal, Dex+6}
   (You acquired it on level 2 of the Dungeon)

   It inflicts extra damage upon your enemies.
   Dex:       It affects your dexterity (+6).
Armour
 b - a +0 robe
 l - a +1 hat (worn)
 r - a +0 chain mail
 s - a +0 plate armour (worn)
 z - an orb of wrath
Magical Staves
 j - a staff of fire
Jewellery
 g - a ring of resist corrosion (left hand)
 h - a ring of see invisible (right hand)
 n - a ring of ice
 p - a ring of flight
 v - a ring of magical power
Scrolls
 i - 2 scrolls of amnesia
 q - a scroll of vulnerability
Potions
 d - a potion of berserk rage
 e - 3 potions of flight
 f - 2 potions of curing
 k - a potion of brilliance
 m - a potion of magic {unknown}
 t - a potion of haste
 u - a potion of invisibility {unknown}
 w - a potion of degeneration {unknown}
 x - 2 potions of cancellation


   Skills:
 + Level 5.5 Fighting
 + Level 5.8(7.5) Axes
 + Level 6.0(6.8) Polearms
 + Level 2.1 Armour
 + Level 2.9 Dodging
 + Level 2.2 Stealth
 + Level 0.1 Invocations


You had 6 spell levels left.
You didn't know any spells.
Your spell library contained the following spells:

 Spells                   Type           Power      Damage    Failure   Level
 Sandblast                Erth           0%         2d4       100%        1
 Passwall                 Tmut/Erth      0%         N/A       100%        2
 Stone Arrow              Conj/Erth      0%         3d7       100%        3


Dungeon Overview and Level Annotations

Branches:
Dungeon (5/15)             Temple (0/1) D:4

Altars:
Ashenzari
Sif Muna
Xom

Shops:
D:4 ?

Annotations:
D:5 Edmund


Message History

Anything else - Cancel.
Okay, then.
Your attacks no longer feel as feeble.
Aiming: Smiting
Press: ? - help, Q - select action Dir - move target, f - gnoll bouda Smite: a gnoll bouda, wielding a +0 flail and wearing a +0 robe You smite the gnoll bouda!
The gnoll bouda is heavily wounded.
The gnoll bouda gazes fiercely through you!
You feel your attacks grow feeble.
You barely miss the gnoll bouda.
The gnoll bouda is heavily wounded.
The gnoll bouda hits you with a +0 flail.
You hit the gnoll bouda.
The gnoll bouda is severely wounded.
The gnoll bouda hits you but does no damage.
The ogre hits you with a +0 giant club!!
The gnoll bouda barely misses you.
You hit the gnoll bouda.
The gnoll bouda is almost dead.
Your attacks no longer feel as feeble.
The gnoll bouda hits you with a +0 flail!
* * * LOW HITPOINT WARNING * * *
The ogre hits you with a +0 giant club!
* * * LOW HITPOINT WARNING * * *
You are confused.
You feel invigorated.
The gnoll bouda hits you but does no damage.
The gnoll bouda barks out a call to the hunt!
The ogre barely misses you.
The gnoll bouda utters an invocation to its god.
The gnoll bouda is healed somewhat.
The gnoll bouda attacks as you move away!
The gnoll bouda hits you with a +0 flail!
* * * LOW HITPOINT WARNING * * *
You feel less invigorated.
You feel less confused.
The gnoll bouda attacks as you move away!
The gnoll bouda hits you with a +0 flail!
You die...

*,,,,,,* #.....'...
#......#****##....#...
#......#,,,,*#...##...
#......#,,,,##...###+#
#......#,,,,#.....#,,,
#.....>#,,,,#...(.#,,,
#......#,,,,#.....#,,,
#......#,,,,#.....#.<.
#....@.#,,,,##'###....
#....gO####+#.........
#...........w........≈
#.........g..........≈
#.....................
#..................≈..
#...................§≈
#...>..###+##.......§≈
#......#,,,,#........≈


You could see an ogre, a gnoll bouda and a gnoll (swift).

Vanquished Creatures
  Grinder (D:3)
  A water moccasin (D:5)
  An ogre (D:5)
  A necrophage (D:5)
  An orc priest (D:4)
  Jessica (D:3)
  An orc wizard (D:4)
  5 adders
  6 gnolls
  2 worms (D:2)
  3 dart slugs
  10 orcs
  6 ball pythons
  7 endoplasms
  4 giant cockroaches
  5 hobgoblins
  7 quokkas
  3 bats
  A frilled lizard (D:1)
  9 goblins
  8 kobolds
  9 rats
92 creatures vanquished.

Vanquished Creatures (others)
  A plant (D:4)
1 creature vanquished.

Grand Total: 93 creatures vanquished

Notes
Turn   | Place    | Note
-------+----------+-------------------------------------------
     0 | D:1      | Krypt the Hill Orc Monk began the quest for the Orb.
     0 | D:1      | Reached XP level 1. HP: 19/19 MP: 1/1
     0 | D:1      | Upgraded the game from 0.30-a0-394-g3e4acdb0ae to
                  | 0.30-a0-414-gcb316572d5
    90 | D:1      | Reached XP level 2. HP: 13/27 MP: 2/2
   533 | D:2      | Reached XP level 3. HP: 33/33 MP: 3/3
  1047 | D:2      | Found a shimmering altar of Xom.
  1115 | D:2      | Identified a scroll of acquirement
  1115 | D:2      | Acquired the +5 glaive "Rywerch" {vorpal, Dex+6}
  1250 | D:2      | Reached skill level 5 in Axes
  1373 | D:2      | Reached XP level 4. HP: 40/40 MP: 4/4
  1806 | D:3      | Reached skill level 1 in Polearms
  1812 | D:3      | Found a faded altar of an unknown god.
  1819 | D:3      | Noticed Grinder
  1824 | D:3      | Paralysed by Grinder for 5 turns
  1831 | D:3      | Paralysed by Grinder for 3 turns
  1837 | D:3      | Killed Grinder
  1838 | D:3      | Reached skill level 3 in Polearms
  1838 | D:3      | Reached skill level 1 in Armour
  1838 | D:3      | Reached XP level 5. HP: 33/47 MP: 5/5
  1838 | D:3      | Reached XP level 6. HP: 39/55 MP: 6/6
  1918 | D:3      | Became a worshipper of Beogh the Brigand
  1918 | D:3      | Reached * piety under Beogh
  1918 | D:3      | Reached ** piety under Beogh
  1964 | D:3      | Noticed Jessica
  1969 | D:3      | Killed Jessica
  1972 | D:3      | Found a shimmering blue altar of Sif Muna.
  2663 | D:4      | Reached skill level 4 in Polearms
  2813 | D:4      | Reached XP level 7. HP: 60/60 MP: 7/7
  2825 | D:4      | Found a staircase to the Ecumenical Temple.
  2845 | D:4      | You fall into a shaft and drop 1 floor!
  2845 | D:5      | Entered Level 5 of the Dungeon
  2864 | D:5      | Reached skill level 5 in Fighting
  2865 | D:5      | Reached skill level 5 in Polearms
  2892 | D:5      | Found a broken altar of Ashenzari.
  2938 | D:5      | Noticed Edmund
  3139 | D:4      | Reached skill level 6 in Polearms
  3283 | D:4      | Found Pidom's Magic Scroll Emporium.
  3475 | D:5      | HP: 1/61 [ogre/+0 giant club (12)]
  3480 | D:5      | Slain by a gnoll bouda

Illustrated notes

Levels and vault maps discovered:
D:1:      enne_arrival_octagon_isle, layout_basic
D:2:      layout_loops_corners, basic_altar
D:3:      layout_loops_cross, tgw_sif, ebering_ecumenical_altar_box,
          minmay_between, uniq_grinder
D:4:      layout_cave_pools, minmay_temple_entry_gardened_gates, serial_shops,
          kennysheep_mini, dreamdust_princess_corridor, nrook_mini_backslash
D:5:      layout_gridville, evilmike_ruin_ashenzari,
          nicolae_qazlal_general_emergency, serial_shops, shop,
          hangedman_decor_points, uniq_edmund

Skill      XL: |  1  2  3  4  5  6  7 |
---------------+----------------------+-----
Fighting       | 4 5 |  5.5
Axes           | 5 |  5.8
Polearms       | 3 4 6 |  6.0
Stealth        | 2 |  2.2
Armour         | 1 2 |  2.1
Dodging        | |  2.9
Invocations    | |  0.1

Action                   |  1- 3 |  4- 6 |  7- 9 || total
-------------------------+-------+-------+-------++-------
Melee: Hand axe          |    82 |       |       ||    82
       Glaive            |    17 |    70 |    44 ||   131
Invok: Smiting           |       |     1 |     1 ||     2
       Convert to Beogh  |       |     1 |       ||     1
  Use: Scroll            |     6 |     3 |     4 ||    13
       Potion            |       |       |     1 ||     1
 Stab: Sleeping          |     5 |       |       ||     5
       Distracted        |     1 |       |       ||     1
Armor: Robe              |    18 |       |       ||    18
       Plate armour      |       |    32 |    38 ||    70
       Chain mail        |       |     1 |       ||     1
Dodge: Dodged            |    48 |     9 |    20 ||    77

Table legend: (Time is in decaauts)
 A = Elapsed time spent in this place.
 B = Non-inter-level travel time spent in this place.
 C = Inter-level travel time spent in this place.
 D = Time resting spent in this place.
 E = Time spent auto-exploring this place.
 F = Levels seen in this place.
 G = Mean time per level.
                   A        B        C        D        E       F      G
               +--------+--------+--------+--------+--------+-----+--------+
         Total |   3546 |   3469 |     77 |    472 |   2256 |   5 |  709.2 |
       Dungeon |   3546 |   3469 |     77 |    472 |   2256 |   5 |  709.2 |
               +--------+--------+--------+--------+--------+-----+--------+

Top non-repeatable levels by time:
     D:2: 1230 daAuts
     D:3: 915 daAuts
     D:4: 656 daAuts
     D:1: 527 daAuts
     D:5: 216 daAuts
